 Dungeon Crawl Stone Soup version 0.27-a0-1591-gc56fcc985a (webtiles) character file.

Game seed: 12892529551834339606

4 MacCMillion the Grave Robber (level 1, 13/13 HPs)
             Began as a Demonspawn Necromancer on July 19, 2021.
             Quit the game on level 1 of the Dungeon.
             The game lasted 00:01:09 (189 turns).

MacCMillion the Grave Robber (DsNe)                  Turns: 189, Time: 00:01:10

Health: 13/13      AC:  2    Str:  8    XL:     1   Next: 50%
Magic:  3/3        EV: 12    Int: 16    God:
Gold:   0          SH:  0    Dex: 13    Spells: 3/4 levels left

rFire    . . .     SeeInvis .   c - +0 dagger
rCold    . . .     Faith    .   (no shield)
rNeg     . . .     Spirit   .   a - +0 robe
rPois    .         Reflect  .   (no helmet)
rElec    .         Harm     .   (no cloak)
rCorr    .         Rampage  .   (no gloves)
Will     .....                  (no boots)
Stlth    ++........             (no amulet)
HPRegen  0.04/turn              (no ring)
MPRegen  0.08/turn              (no ring)

@: no status effects
A: no striking features
a: no special abilities


You were on level 1 of the Dungeon.
You visited 1 branch of the dungeon, and saw 1 of its levels.

Inventory:

Hand Weapons
 c - a +0 dagger (weapon)
Armour
 a - a +0 robe (worn)
Scrolls
 d - a scroll of immolation {unknown}
Potions
 b - a potion of mutation {unknown}


   Skills:
 - Level 1.8 Dodging
 - Level 1.7 Stealth
 - Level 2.0 Spellcasting
 + Level 4.6 Necromancy


You had 3 spell levels left.
You knew the following spells:

 Your Spells              Type           Power      Damage    Failure   Level
a - Pain                  Necr           64%        1d7       3%          1

Your spell library contained the following spells:

 Spells                   Type           Power      Damage    Failure   Level
 Animate Skeleton         Necr           32%        N/A       3%          1
 Vampiric Draining        Necr           8%         2d7       10%         3
 Animate Dead             Necr           8%         N/A       30%         4
 Agony                    Necr           16%        N/A       65%         5


Dungeon Overview and Level Annotations

Branches:
Dungeon (1/15)

Altars:


Message History

A giant cockroach comes into view.
Found a stone staircase leading down.
A giant cockroach is nearby!
You can't see any susceptible monsters within range! (Use Z to cast anyway.)
A kobold comes into view. It is wielding a +0 dagger.
The kobold shouts!
The kobold writhes in agony.
You kill the kobold!
The giant cockroach writhes in agony.
The giant cockroach waves its antennae.
You start resting.
A giant cockroach is nearby!
The giant cockroach writhes in agony!
You kill the giant cockroach!
Magic restored.
HP restored.
There is a stone staircase leading down here.
Found 12 stones.
A bat comes into view.
You see here a +0 dagger.
You can't see any susceptible monsters within range! (Use Z to cast anyway.)
c - a +0 dagger (weapon)
A bat is nearby!
You can't see any susceptible monsters within range! (Use Z to cast anyway.)
A bat is nearby!
A frilled lizard comes into view.
Found a scroll labelled UMNAX FYEHONTO.
The bat writhes in agony.
You kill the bat!
You can't see any susceptible monsters within range! (Use Z to cast anyway.)
The frilled lizard writhes in agony.
You kill the frilled lizard!
Found a stone staircase leading down.
d - a scroll labelled UMNAX FYEHONTO
There is a stone staircase leading down here.
You open the door.
There is an open door here.
A quokka and a goblin come into view.
Okay, then.
Are you sure you want to abandon this character and quit the game? (Confirm with "yes".)

#############
#.......@...#
....#
#.#######...#
....# #.# ...#
....### #.#
...# ......#
#.# ...#
......# #.#
...# ......#
#.# ..g#
......###'#####
...r
..............#


You could see a quokka (asleep) and a goblin (asleep).

Vanquished Creatures
  A giant cockroach (D:1)
  A bat (D:1)
  2 frilled lizards (D:1)
  A kobold (D:1)
5 creatures vanquished.

Notes
Turn   | Place    | Note
-------+----------+-------------------------------------------
     0 | D:1      | MacCMillion the Demonspawn Necromancer began the quest for
                  | the Orb.
     0 | D:1      | Reached XP level 1. HP: 13/13 MP: 3/3
   189 | D:1      | Quit the game

Illustrated notes

Levels and vault maps discovered:
D:1:      dpeg_arrival_ternary, layout_basic, serial_shops,
          nicolae_shop_statue_plus, hex_large, minmay_misc_feat_encased,
          minmay_lizard_pond

Action                   || total
-------------------------++-------
 Cast: Pain              ||     6
Dodge: Dodged            ||     1

Table legend: (Time is in decaauts)
 A = Elapsed time spent in this place.
 B = Non-inter-level travel time spent in this place.
 C = Inter-level travel time spent in this place.
 D = Time resting spent in this place.
 E = Time spent auto-exploring this place.
 F = Levels seen in this place.
 G = Mean time per level.
                   A        B        C        D        E       F      G
               +--------+--------+--------+--------+--------+-----+--------+
         Total |    188 |    188 |      0 |      3 |    161 |   1 |  188.0 |
       Dungeon |    188 |    188 |      0 |      3 |    161 |   1 |  188.0 |
               +--------+--------+--------+--------+--------+-----+--------+

Top non-repeatable levels by time:
     D:1: 188 daAuts
